 Dungeon Crawl Stone Soup version 0.15-a0-1506-g1b030bc (webtiles) character file.

2289 Crauler the Ruffian (level 9, -7/72 HPs)
             Began as a Mottled Draconian Transmuter on June 15, 2014.
             Was a Follower of Kikubaaqudgha.
             Killed from afar by Erolcha (18 damage)
             ... with a bolt of lightning
             ... on Level 8 of the Dungeon.
             The game lasted 00:32:07 (8041 turns).

Crauler the Ruffian (Mottled Draconian Transmuter)  Turns: 8041, Time: 00:32:08

HP  -7/72        AC  8     Str 13      XL: 9   Next: 17%
MP  20/20        EV 14     Int 16      God: Kikubaaqudgha [*.....]
Gold 237         SH  0     Dex 12      Spells:  4 memorised,  4 levels left

rFire  . . .     SeeInvis .     p - +3,+2 quarterstaff (chaos) (curse)
rCold  . . .     Clarity  .     (armour unavailable)
rNeg   . . .     rCorr    .     (no shield)
rPois  .         rRot     .     (helmet restricted)
rElec  .         Spirit   .     q - +0 cloak (curse)
SustAb +         Warding  .     (no gloves)
rMut   .         Stasis   .     (no boots)
Gourm  .                        (no amulet)
MR     .....                    k - ring of flight
                                B - ring of sustain abilities

@: not resistant to hostile enchantments, very unstealthy
A: breathe sticky flames, unfitting armour, cold-blooded, AC +7
a: Breathe Sticky Flame, Receive Corpses, Renounce Religion, Evoke Flight


You were on level 8 of the Dungeon.
You worshipped Kikubaaqudgha.
Kikubaaqudgha was aware of your devotion.
You were not hungry.

You visited 2 branches of the dungeon, and saw 9 of its levels.
You also visited: Ossuary.

You collected 521 gold pieces.
You spent 284 gold pieces at shops.

Inventory:

Hand weapons
 p - a cursed +3,+2 quarterstaff of chaos (weapon)
Missiles
 b - 12 arrows
 n - 5 needles of paralysis
 t - 14 javelins (quivered)
 A - 15 poisoned needles
Armour
 q - a cursed +0 cloak (worn)
Magical devices
 l - a wand of magic darts (5) {unknown}
 s - a wand of paralysis (12) {unknown}
Comestibles
 a - 4 bread rations
 f - a fruit
 o - a rotting chunk of goblin flesh
 r - 2 beef jerkies
 x - a meat ration
 F - a chunk of orc flesh
Scrolls
 e - 2 scrolls of teleportation {unknown}
 g - 3 scrolls of remove curse
 h - a scroll of amnesia
 i - 2 scrolls of identify
 j - 4 scrolls of fear
 m - 2 scrolls of magic mapping
Jewellery
 k - a ring of flight (right hand)
 B - a ring of sustain abilities (left hand)
Potions
 c - a potion of might
 u - a potion of flight
 w - 2 potions of restore abilities
 z - a potion of confusion {unknown}
 C - 3 potions of curing
 D - a potion of heal wounds
Books
 d - a book of Changes

   Spells                             Type                      Level
   *Beastly Appendage                 Transmutation                1
   Sticks to Snakes                   Transmutation                2
   *Spider Form                       Transmutation/Poison         3
   Ice Form                           Ice/Transmutation            4
   *Blade Hands                       Transmutation                5
 v - a book of the Warp

   Spells                             Type                      Level
   Control Teleport                   Charms/Translocation         4
   Phase Shift                        Translocation                5
   Warp Weapon                        Charms/Translocation         5
   Dispersal                          Translocation                6
   Controlled Blink                   Translocation                7
   Disjunction                        Translocation                8
 y - a Grand Grimoire {highlevel}

   This book is beyond your current level of understanding.

   Spells                             Type                      Level
   Aura of Abjuration                 Summoning                    6
   Forceful Dismissal                 Summoning                    6
   Haunt                              Necromancy/Summoning         7
   Summon Greater Demon               Summoning                    7
   Malign Gateway                     Summoning/Translocation      7
   Summon Horrible Things             Summoning                    8
 E - Kikubaaqudgha's Catalogue of Darkness
   (Kikubaaqudgha gifted it to you on level 8 of the Dungeon)

   Spells                             Type                      Level
   Pain                               Necromancy                   1
   Corpse Rot                         Necromancy                   2
   Sublimation of Blood               Necromancy                   2
   *Regeneration                      Charms/Necromancy            3
   Control Undead                     Necromancy                   4


   Skills:
 + Level 4.6 Fighting
 * Level 5.9 Dodging
 * Level 7.0 Unarmed Combat
 + Level 4.1 Spellcasting
 + Level 0.2 Necromancy
 * Level 6.3 Transmutations


You had 4 spell levels left.
You knew the following spells:

 Your Spells              Type           Power        Failure   Level  Hunger
a - Beastly Appendage     Trmt           ###...       1%          1    None
b - Spider Form           Trmt/Pois      ##........   14%         3    ###....
c - Blade Hands           Trmt           ###.......   38%         5    #####..
d - Regeneration          Chrm/Necr      #.........   52%         3    ###....


Dungeon Overview and Level Annotations

Branches:
Dungeon (8/15)             Temple (1/1) D:5
   Lair: D:8-11

Altars:
Ashenzari
Dithmenos
Elyvilon
Fedhas
Kikubaaqudgha
Nemelex Xobeh
Okawaru
Qazlal
Sif Muna
Vehumet
Yredelemnul
The Shining One

Shops:
D:5 *   D:6 *   D:7 *

Annotations:
D:3 Grinder
D:8 Erolcha


Innate Abilities, Weirdness & Mutations

You can spit globs of burning liquid.*
You can ignite nearby creatures when you spit burning liquid.*
Your weird mottled scales are hard (AC +7).*
Your body does not fit into most forms of armour.
Your cold-blooded metabolism reacts poorly to cold.*


Message History

Items here: % ) [[ a leather armour; a club; a leather armour; an orc corpse
There is an open door here.
Things that are here:
a hand axe; a chain mail You open the door.
Erolcha the Cunning comes into view.
She is wielding a giant club.
Erolcha shouts!
Erolcha points at you and mumbles some strange words.
The bolt of lightning hits you!
There is an open door here.
Erolcha roars.
Erolcha casts a spell at you. The magic dart hits you!
Erolcha points at you and mumbles some strange words.
The bolt of lightning hits you!
* * * LOW HITPOINT WARNING * * *
The bolt of lightning hits you!
You die...
Kikubaaqudgha rasps: "You have failed me!
Welcome... death!"

####### #......
#......##### ###########
#......O...###.........#
#......###...#.........#
#...... ###@#.........#
+...... #...........#
#...... ###.........#
...... ####.###### .....
#.# #+### ##.# #...#
###..# ####'## #...##
###?....#### ##)########


You could see Erolcha.

Vanquished Creatures
  A water moccasin (D:7)
  An orc warrior (D:8)
  2 sky beasts (D:5)
  An ice beast (D:7)
  A centaur (D:5)
  3 ogres
  4 giant frogs
  A gnoll sergeant (D:5)
  An elf skeleton (D:6)
  2 scorpions
  A goliath beetle (D:6)
  A hippogriff skeleton (D:6)
  A human zombie (D:6)
  Crazy Yiuf (D:2)
  A centaur zombie (Ossuary)
  2 elf zombies
  2 iguanas
  An orc priest (D:5)
  A hound (D:6)
  A human skeleton (D:6)
  An orc wizard (D:5)
  6 worker ants
  A killer bee zombie (D:7)
  Ijyb (D:2)
  A big kobold zombie (Ossuary)
  2 mummies (Ossuary)
  Terence (D:2)
  A scorpion zombie (D:6)
  9 gnolls
  13 adders
  A giant mite (D:2)
  2 worms
  3 orc skeletons
  8 orcs
  4 giant cockroaches
  3 gnoll zombies (Ossuary)
  19 goblins
  13 hobgoblins
  8 jackals
  A ball python (D:2)
  5 bats
  2 giant geckos (D:1)
  7 giant newts
  5 goblin zombies (Ossuary)
  2 hobgoblin zombies (Ossuary)
  10 kobolds
  A kobold zombie (D:5)
  3 oozes
  2 orc zombies (Ossuary)
  12 rats
  2 fungi (D:2)
178 creatures vanquished.

Vanquished Creatures (others)
  2 adder zombies (D:4)
2 creatures vanquished.

Grand Total: 180 creatures vanquished

Notes
Turn   | Place    | Note
--------------------------------------------------------------
     0 | D:1      | Crauler, the Draconian Transmuter, began the quest for the Orb.
     0 | D:1      | Reached XP level 1. HP: 16/16 MP: 3/3
    91 | D:1      | Reached XP level 2. HP: 20/23 MP: 4/4
   852 | D:2      | Noticed Ijyb
   888 | D:2      | HP: 1/23 [Ijyb/club (1)]
   891 | D:2      | Killed Ijyb
   891 | D:2      | Reached XP level 3. HP: 1/28 MP: 4/6
  1140 | D:2      | Learned a level 3 spell: Spider Form
  1283 | D:2      | Noticed Terence
  1310 | D:2      | Killed Terence
  1632 | D:2      | Reached XP level 4. HP: 33/35 MP: 8/8
  2256 | D:2      | Noticed Crazy Yiuf
  2279 | D:2      | Killed Crazy Yiuf
  2279 | D:2      | Reached XP level 5. HP: 40/40 MP: 1/9
  2392 | D:3      | Noticed Grinder
  2405 | D:3      | Paralysed by Grinder for 7 turns
  2427 | D:3      | Paralysed by Grinder for 7 turns
  2435 | D:3      | Paralysed by Grinder for 6 turns
  3244 | D:4      | Reached skill level 4 in Unarmed Combat
  3662 | D:4      | Noticed an ogre
  3677 | D:4      | Killed an ogre
  3677 | D:4      | Reached XP level 6. HP: 43/48 MP: 7/11
  3914 | D:4      | Found a blossoming altar of Fedhas.
  4211 | D:5      | Entered Level 5 of the Dungeon
  4508 | D:5      | Your scales start taking on a weird mottled pattern.
  4508 | D:5      | Reached XP level 7. HP: 28/56 MP: 12/14
  4774 | D:5      | Reached skill level 5 in Unarmed Combat
  5122 | D:5      | Found a staircase to the Ecumenical Temple.
  5140 | Temple   | Entered the Ecumenical Temple
  5320 | Temple   | Became a worshipper of Kikubaaqudgha
  5364 | D:5      | Found Huzicir's General Store.
  5396 | D:5      | Reached skill level 5 in Transmutations
  5550 | D:5      | Reached XP level 8. HP: 12/63 MP: 10/17
  6389 | D:6      | Found Birais' Assorted Antiques.
  6413 | D:6      | Reached skill level 5 in Dodging
  6483 | D:6      | Reached skill level 6 in Unarmed Combat
  6549 | D:6      | Found a sand-covered staircase.
  6554 | Ossuary  | Entered an ossuary
  6902 | D:6      | Bought a viscous green potion for 28 gold pieces
  6902 | D:6      | Bought a scroll labeled NYGAOTW ZAUTUS for 32 gold pieces
  6902 | D:6      | Bought a scroll labeled LEG OFFUEZOLUSM for 32 gold pieces
  6902 | D:6      | Bought a scroll labeled NYGAOTW ZAUTUS for 32 gold pieces
  6902 | D:6      | Bought a silver ring for 160 gold pieces
  7566 | D:7      | Found Ceij's Assorted Antiques.
  7766 | D:7      | Reached XP level 9. HP: 63/72 MP: 19/19
  7924 | D:8      | Acquired Kikubaaqudgha's first power
  7924 | D:8      | Received a gift from Kikubaaqudgha
  7927 | D:8      | Identified Kikubaaqudgha's Catalogue of Darkness (Kikubaaqudgha gifted it to you on level 8 of the Dungeon)
  7934 | D:8      | Learned a level 5 spell: Blade Hands
  7938 | D:8      | Learned a level 3 spell: Regeneration
  8003 | D:8      | Reached skill level 7 in Unarmed Combat
  8035 | D:8      | Noticed Erolcha
  8041 | D:8      | Killed from afar by Erolcha

Action                   |  1- 3 |  4- 6 |  7- 9 || total
-------------------------+-------+-------+-------++-------
Melee: Unarmed           |   197 |    71 |    87 ||   355
       Dagger            |       |    33 |       ||    33
       Quarterstaff      |       |   107 |   267 ||   374
 Cast: Spider Form       |     1 |     4 |     8 ||    13
       Beastly Appendage |       |     1 |     2 ||     3
 Abil: Breathe Sticky Fl |       |       |     2 ||     2
  Use: Scroll            |       |     2 |     6 ||     8
       Potion            |       |       |     9 ||     9
 Stab: Paralysed         |       |       |     2 ||     2
       Petrifying        |       |       |     1 ||     1
